 Dungeon Crawl Stone Soup version 0.24-a0-459-g225fefd530 (webtiles) character file.

Game seed: 18116754437169708141

166 emperorscorpion the Chopper (level 5, -10/50 HPs)
             Began as a Deep Dwarf Berserker on June 29, 2019.
             Was a Follower of Trog.
             Mangled by a two-headed ogre
             ... wielding a +5 great mace of freezing
              (25 damage)
             ... on level 7 of the Dungeon.
             The game lasted 00:03:52 (304 turns).

emperorscorpion the Chopper (Deep Dwarf Berserker)   Turns: 304, Time: 00:03:53

Health: -10/50     AC:  4    Str: 22    XL:     5   Next: 22%
Magic:  5/5        EV: 13    Int:  7    God:    Trog [*.....]
Gold:   29         SH:  0    Dex: 12    Spells: 4/4 levels left

rFire    . . .     SeeInvis .   a - +0 war axe
rCold    + . .     Gourm    .   (no shield)
rNeg     . . .     Faith    .   e - +1 leather armour {rC+}
rPois    .         Spirit   .   (no helmet)
rElec    .         Reflect  .   (no cloak)
rCorr    .         Harm     .   (no gloves)
MR       .....                  (no boots)
Stlth    +.........             (no amulet)
HPRegen  0.00/turn              (no ring)
MPRegen  0.09/turn              (no ring)

@: lethally poisoned (-10 -> -10), non-regenerating
A: damage resistance, heal wounds, sense surroundings 1, no regeneration
a: Heal Wounds, Berserk, Renounce Religion


You were on level 7 of the Dungeon.
You worshipped Trog.
Trog was aware of your devotion.
You were not hungry.

You visited 1 branch of the dungeon, and saw 5 of its levels.

You collected 29 gold pieces.

Inventory:

Hand Weapons
 a - a +0 war axe (weapon)
 d - a +0 mace
 i - a +0 hand axe
Missiles
 g - 3 boomerangs (quivered)
 h - 2 boomerangs of dispersal
Armour
 b - a +0 animal skin
 e - a +1 leather armour of cold resistance (worn)
Comestibles
 c - 2 rations


   Skills:
 + Level 3.9 Fighting
 + Level 4.9 Axes
 + Level 2.4 Armour
 + Level 3.2 Dodging
 + Level 0.1 Stealth


You had 4 spell levels left.
You didn't know any spells.
Your spell library was empty.

Dungeon Overview and Level Annotations

Branches:
Dungeon (4/15)
 Temple: D:4-7

Altars:
Trog

Annotations:
D:7 1 transporter, Phong's ghost, novice DrTm


Innate Abilities, Weirdness & Mutations

You are resistant to damage.
You can heal yourself by infusing magical energy.
You passively map a small area around you.
You do not regenerate.


Message History

r - Retreat! s - Stop attacking. g - Guard the area. f - Follow me.
Anything else - Cancel.
You shout for attention!
What are your orders? t - Shout!
Orders for allies: a - Attack new target. r - Retreat! s - Stop attacking. g - Guard the area. f - Follow me.
Anything else - Cancel.
You shout for attention!
You enter the transporter and appear at another place.
The two-headed ogre completely misses you.
The two-headed ogre hits you with a +0 giant club of venom!
* * * LOW HITPOINT WARNING * * *
You are poisoned.
The big kobold barely misses you. The gnoll sergeant misses you.
The two-headed ogre hits you with a +5 great mace of freezing!!
Ouch! That really hurt!
You die...

######### ###.......###
##...#####...####
#..###...###....#
##.###......##.#.#####
#..# ###..#.##.......#
##.##.#≈#.###.##.####.#
##..#K.##?.. ##K#..##
#..©#oW..?_.##@©#©..##
#...#y........Og#...<#.###
#.#.##..#≈#....##.........
#.#.. ..###....#..##.#.###
,, #.##.
*#..#...##..##.#.# * #.
*.. #.©.###...##.# # ,
*#...#####...#.##.# ,
##.......###.##.###*
######.#....>....., , ,


You could see a two-headed ogre, a big kobold and a gnoll sergeant.

Vanquished Creatures
  A scorpion (D:4)
  A centaur skeleton (D:4)
  2 orc wizards (D:4)
  A shadow imp (D:7)
  11 orcs
  2 giant cockroaches
  A quokka (D:3)
  A frilled lizard (D:3)
20 creatures vanquished.

Notes
Turn   | Place    | Note
-------+----------+-------------------------------------------
     0 | D:1      | emperorscorpion the Deep Dwarf Berserker began the quest
                  | for the Orb.
     0 | D:1      | Reached XP level 1. HP: 20/20 MP: 1/1
    85 | D:3      | Reached XP level 2. HP: 27/27 MP: 2/2
   177 | D:4      | Noticed a scorpion
   184 | D:4      | Killed a scorpion
   184 | D:4      | Reached skill level 4 in Axes
   184 | D:4      | Reached XP level 3. HP: 34/34 MP: 3/3
   185 | D:4      | Reached XP level 4. HP: 42/42 MP: 4/4
   229 | D:4      | Reached XP level 5. HP: 32/50 MP: 5/5
   240 | D:4      | You fall into a shaft and drop 3 floors!
   252 | D:7      | Found a transporter.
   270 | D:7      | Noticed a two-headed ogre
   270 | D:7      | Noticed Phong's ghost (novice DrTm)
   270 | D:7      | Noticed a moth of wrath
   272 | D:7      | Found a bloodstained altar of Trog.
   288 | D:7      | Found a transporter.
   290 | D:7      | Noticed an orc warrior
   304 | D:7      | Mangled by a two-headed ogre

Levels and vault maps discovered:
D:1:      psy_arrival_whirlpool, layout_loops_ring, serial_forest,
          infiniplex_forest_clump_diagonal, infiniplex_forest_straight_2,
          infiniplex_forest_lined_room_2, infiniplex_forest_clump_double,
          infiniplex_forest_diagonal, infiniplex_forest_clump_diagonal,
          minmay_misc_feat_diagonals
D:2:      minmay_recursive_quarters, layout_rooms
D:3:      layout_loops_corners, grunt_temple_overflow_champion_of_chaos,
          gammafunk_temple_overflow_wave, first_ration, grunt_decor_fettered
D:4:      layout_loops_corners, okawaru_trees_1
D:7:      layout_basic, minmay_temple_entry_gardened_gates,
          gammafunk_ghost_wrathful_warriors, uniq_duvessa

Skill      XL: |  1  2 |
---------------+-------+-----
Fighting       | 3 |  3.9
Axes           | 4 |  4.9
Dodging        | 3 |  3.2
Armour         | |  2.4
Stealth        | |  0.1

Action                   |  1- 3 |  4- 6 || total
-------------------------+-------+-------++-------
Melee: Hand axe          |    22 |    29 ||    51
       War axe           |       |     3 ||     3
Throw: Boomerang         |       |     3 ||     3
Invok: Berserk           |     2 |       ||     2
 Abil: Heal Wounds       |       |     1 ||     1
  Use: Potion            |     2 |       ||     2
       Scroll            |     1 |     1 ||     2
Armor: Skin              |     3 |       ||     3
       Animal skin       |     2 |       ||     2
       Leather armour    |     8 |     9 ||    17
Dodge: Dodged            |    20 |    21 ||    41

Table legend:
 A = Non-vault XP
 B = Vault XP
 C = Vault XP percentage of total XP
 D = Non-vault monster count
 E = Vault monster count
 F = Vault count percentage of total count
                 A         B        C        D         E       F
            +---------+---------+-------+---------+---------+-------
      Total |     238 |       0 |   0.0 |      20 |       0 |   0.0
            +---------+---------+-------+---------+---------+-------
        D:3 |      23 |       0 |   0.0 |       9 |       0 |   0.0
        D:4 |     204 |       0 |   0.0 |      10 |       0 |   0.0
        D:7 |      11 |       0 |   0.0 |       1 |       0 |   0.0
            +---------+---------+-------+---------+---------+-------
